 Dungeon Crawl Stone Soup version 0.28.0-53-g5a82cb258f (webtiles) character file.

Game seed: 11565386431380719450

199110 Sin92 the Bludgeoner (level 17, -4/138 HPs)
             Began as a Demonspawn Fighter on June 30, 2022.
             Was a Priest of Okawaru.
             Blown up by an orb spider (27 damage)
             ... with a wavering orb of destruction
             ... on level 3 of the Spider Nest on July 1, 2022.
             The game lasted 01:21:37 (31236 turns).

Sin92 the Bludgeoner (Demonspawn Fighter)          Turns: 31236, Time: 01:21:38

Health: -4/138     AC: 32    Str: 34    XL:     17   Next: 83%
Magic:  20/20      EV: 12    Int: 15    God:    Okawaru [***...]
Gold:   364        SH: 17    Dex: 14    Spells: 19/19 levels left

rFire   . . .      SeeInvis .   h - +10 morningstar "Eos" {elec, Halo rElec}
rCold   . . .      Faith    .   k - +0 kite shield of Omission {rCorr Int+4}
rNeg    . . .      Spirit   .   E - +8 plate armour {rF+}
rPois   +          Reflect  +   b - +0 hat
rElec   +          Harm     .   K - +0 cloak
rCorr   +          Rampage  .   D - +2 pair of gloves
Will    +....                   (boots unavailable)
Stlth   ..........              N - amulet of Cummuqim {Reflect Fragile rPois rF+++ Slay+5 SH+5}
HPRegen 0.33/turn               T - +6 ring of strength
MPRegen 0.17/turn               O - +6 ring of strength

@: glowing, fire susceptible
A: hooves 3, thin metallic scales 3, ignite blood 3, spiny 1, corrupting
presence 1
}: 1/15 runes: decaying
a: Renounce Religion, Heroism


You were on level 3 of the Spider Nest.
You worshipped Okawaru.
Okawaru was most pleased with you.
You visited 6 branches of the dungeon, and saw 29 of its levels.
You also visited: Bailey and Volcano.

You collected 2713 gold pieces.
You spent 2349 gold pieces at shops.

Inventory:

Hand Weapons
 h - the +10 morningstar "Eos" (weapon) {elec, Halo rElec}
   (You acquired it on level 5 of the Dungeon)

   It occasionally discharges a powerful burst of electricity upon striking a
   foe.
   It grants its wielder a halo, increasing accuracy against those within it.
   rElec:     It insulates you from electricity.
 i - the +2 whip of Day {vamp, rN+ Str+3}
   (You found it on level 2 of the Dungeon)

   It occasionally heals its wielder for a portion of the damage dealt when it
   wounds a living foe.
   Str:       It affects your strength (+3).
   rN:        It protects you from negative energy.
Missiles
 j - 6 throwing nets (quivered)
Armour
 b - a +0 hat (worn)
 k - the +0 kite shield of Omission (worn) {rCorr Int+4}
   (You acquired it on level 5 of the Dungeon)

   Int:       It affects your intelligence (+4).
   rCorr:     It protects you from acid and corrosion.
 D - a +2 pair of gloves (worn)
 E - a +8 plate armour of fire resistance (worn)
 K - a +0 cloak (worn)
Jewellery
 c - a ring of willpower
 f - a ring of protection from fire
 w - a ring of protection from cold
 N - the amulet of Cummuqim (around neck) {Reflect Fragile rPois rF+++ Slay+5 SH+5}
   (You bought it in a shop on level 2 of the Orcish Mines)

   [amulet of reflection]

   It reflects blocked missile attacks.
   Slay:      It affects your accuracy & damage with ranged weapons and melee
   (+5).
   rF:        It renders you almost immune to fire.
   rPois:     It protects you from poison.
   Fragile:   It will be destroyed if unequipped.
   SH:        It affects your SH (+5).
 O - a +6 ring of strength (right hand)
 P - a ring of protection from cold
 T - a +6 ring of strength (left hand)
Wands
 a - a wand of mindburst (14)
 x - a wand of flame (51)
 z - a wand of iceblast (22)
 G - a wand of acid (13)
 R - a wand of charming (4)
 U - a wand of paralysis (2)
Scrolls
 n - 2 scrolls of immolation
 q - 7 scrolls of enchant weapon
 r - 3 scrolls of fear
 s - 3 scrolls of blinking
 t - a scroll of magic mapping
 u - 5 scrolls of fog
 v - a scroll of holy word
 y - 10 scrolls of teleportation
 A - 4 scrolls of identify
 C - 6 scrolls of vulnerability
 M - 2 scrolls of amnesia
 Q - 2 scrolls of silence
 S - 2 scrolls of torment
Potions
 d - 2 potions of invisibility
 e - 5 potions of mutation
 g - a potion of heal wounds
 l - 4 potions of brilliance
 m - 7 potions of ambrosia
 o - 5 potions of magic
 p - a potion of lignification
 B - 2 potions of haste
 I - 4 potions of curing
 J - a potion of cancellation
 L - 2 potions of resistance


   Skills:
 + Level 13.8 Fighting
 - Level 2.5 Long Blades
 * Level 17.4 Maces & Flails
 + Level 12.5 Armour
 + Level 12.1 Dodging
 + Level 12.4 Shields
 - Level 1.9 Spellcasting
 + Level 4.2 Invocations


You had 19 spell levels left.
You didn't know any spells.
Your spell library contained the following spells:

 Spells                   Type           Power      Damage    Failure   Level
 Magic Dart               Conj           4%         1d3       93%         1
 Pain                     Necr           4%         1d4       93%         1
 Slow                     Hex            4%         N/A       93%         1
 Sting                    Tmut/Pois      4%         1d3       93%         1
 Poisonous Vapours        Pois/Air       2%         N/A       98%         2
 Scorch                   Fire           2%         2d5       98%         2
 Searing Ray              Conj           2%         2d4       98%         2
 Ignite Poison            Fire/Tmut/Pois 1%         N/A       100%        3
 Mephitic Cloud           Conj/Pois/Air  1%         N/A       100%        3
 Portal Projectile        Hex/Tloc       2%         N/A       100%        3
 Vampiric Draining        Necr           1%         2d6       100%        3
 Anguish                  Hex/Necr       0%         N/A       100%        4
 Flame Wave               Conj/Fire      1%         2d4       100%        4
 Fulminant Prism          Conj/Hex       0%         3d6       100%        4
 Leda's Liquefaction      Hex/Erth       0%         N/A       100%        4
 Olgreb's Toxic Radiance  Pois           1%         N/A       100%        4
 Blade Hands              Tmut           0%         N/A       100%        5
 Borgnjor's Vile Clutch   Necr/Erth      0%         N/A       100%        5
 Excruciating Wounds      Necr           0%         N/A       100%        5
 Freezing Cloud           Conj/Ice/Air   0%         6-21      100%        5
 Iskenderun's Battlesphe  Conj           1%         2d6       100%        5
 Lee's Rapid Deconstruct  Erth           0%         3d5*      100%        5
 Yara's Violent Unravell  Hex/Tmut       0%         3d3       100%        5
 Iron Shot                Conj/Erth      0%         9d1       100%        6
 Enfeeble                 Hex            0%         N/A       100%        7
 Death's Door             Necr           0%         N/A       100%        9
 Animate Skeleton         Necr           Unusable   N/A       N/A         1
 Summon Small Mammal      Summ           Unusable   N/A       N/A         1
 Call Imp                 Summ           Unusable   N/A       N/A         2
 Call Canine Familiar     Summ           Unusable   N/A       N/A         3
 Summon Guardian Golem    Hex/Summ       Unusable   N/A       N/A         3
 Tukima's Dance           Hex            Unusable   N/A       N/A         3
 Animate Armour           Summ/Erth      Unusable   N/A       N/A         4
 Summon Cactus Giant      Summ           Unusable   N/A       N/A         6
 Spellforged Servitor     Conj/Summ      Unusable   N/A       N/A         7

Dungeon Overview and Level Annotations

Branches:
Dungeon (13/15) Temple (0/1) D:4 Lair (6/6) D:8 Swamp (4/4) Lair:3 Spider (3/4) Lair:3 Slime (1/5) Lair:5 Orc (2/2) D:10 Elf (0/3) Orc:2 Vaults (0/5) D:12 D:13 Bailey (visited) Volcano (visited)

Altars:
Hepliaklqana
Kikubaaqudgha
Okawaru
Vehumet
Beogh
Ignis
Jiyva
Lugonu

Shops:
D:8 =   D:11 (   Orc:2 ?=?(

Portals:
Abyss: Lair:6


Innate Abilities, Weirdness & Mutations

You have hooves in place of feet.
You are completely covered in thin metallic scales. (AC +4, rElec)
Your demonic aura causes all spilled blood to erupt in flames.
You are partially covered in sharp spines.
Your presence sometimes corrodes those you injure.


Message History

You assume a fearsome visage.
The wolf spider looks frightened!
The jumping spider looks frightened! x2
You feel very sick.
The jumping spider is engulfed in blazing flames.
The jumping spider leaps! x2
Unknown command.
You feel sick.
The jumping spider leaps!
Things that are here:
a +0 hand axe; a +0 leather armour; a meliai corpse You feel sick.
The jumping spider leaps!
You feel sick.
Items here: ) ? [ †.
You feel sick.
You feel sick.
You feel sick.
The orb spider hisses angrily.
You feel sick.
The jumping spider hisses angrily.
The jumping spider leaps! x2
You feel sick.
You are no longer poisoned.
The jumping spider seems to regain its courage.
The jumping spider leaps! x2
The jumping spider seems to regain its courage.
You block the jumping spider's attack. The jumping spider barely misses you.
You bludgeon the jumping spider!!
You kill the jumping spider!
Okawaru accepts your kill.
The orb spider weaves a glowing orb of energy.
The jumping spider leaps!
An orb of destruction comes into view.
There is a stone staircase leading up here.
Unknown command.
The wolf spider is struck by your spines.
Your corrupting presence corrodes the wolf spider!
The wolf spider hits you but does no damage.
The wolf spider bites you but does no damage.
The jumping spider leaps!
The wavering orb of destruction hits you!!
You die...

#..................^#..
#....#....#.......#....
#.....<..^#.....#......
#.#..###....#..^.#....#.
...#......#..#.#^....§..
.....(.....#.........#..
.....#.....#§...§.......
....#....†.....s.^.#...
.........#..^..#@#......
.#......#.......☼.#^....
.^..##.#.......#ss°.#..$
..........).#^.°#..#..#.
...#.....#.#...#°.......
#.#......#)).....#..#...
.......#....#....#.....
#.#....^..#.......#.#.
..#.^.#.....#..=...


You could see a wolf spider (corroded), an orb spider and a jumping spider.

Vanquished Creatures
  Mara (Swamp:4)
  Bai Suzhen (Swamp:3)
  2 tentacled monstrosities
  Rupert (D:12)
  A thorn hunter (Swamp:4)
  Kirke (D:12)
  An emperor scorpion (Spider:3)
  Nessos (D:13)
  5 eleionomae
  An entropy weaver (Spider:2)
  5 bunyips
  A spark wasp (Spider:3)
  An ettin (Orc:2)
  A shambling mangrove (Swamp:4)
  Fannar (D:12)
  2 vault guards (Bailey)
  22 hydras
  3 boulder beetles
  2 ogre magi (Orc:2)
  Erica (D:11)
  An ice dragon (Swamp:4)
  4 centaur warriors
  A jorogumo (Spider:2)
  2 ghost crabs
  4 two-headed ogres
  9 death yaks
  5 alligators
  Urug (D:13)
  3 thrashing horrors (Lair:6)
  Nergalle (Orc:2)
  A hell knight (Volcano)
  A sun moth (Spider:2)
  3 skeletal warriors (D:12)
  A fire crab (Lair:6)
  5 pharaoh ants
  3 orb spiders
  12 swamp dragons
  4 spriggan druids
  4 steelbarb worms
  5 bog bodies
  7 goliath frogs
  A lindwurm (Lair:3)
  An oklob plant (Lair:4)
  9 wolf spiders
  A deep elf pyromancer (D:13)
  3 cyclopes
  7 ugly things
  7 orc sorcerers (Orc:2)
  3 will-o-the-wisps
  18 elephants
  11 black mambas
  2 manticores
  Maurice (D:9)
  A moth of wrath (Spider:3)
  2 gargoyles
  10 cane toads
  5 smoke demons
  2 torpor snails (Spider:3)
  2 demonic crawlers
  An unseen horror (shapeshifter) (Lair:6)
  2 rime drakes
  A kobold demonologist (D:11)
  12 komodo dragons
  3 ancient zymes (Lair:6)
  A red devil (Volcano)
  3 tengu conjurers
  12 meliai
  A queen bee (Lair:1)
  8 trolls
  9 tyrant leeches
  2 polar bears
  10 hornets
  11 dream sheep (Lair:6)
  Prince Ribbit (Bailey)
  15 blink frogs
  16 tarantellas
  Sigmund (D:3)
  10 culicivoras
  13 jumping spiders
  A water elemental (D:11)
  2 wraiths (D:10)
  8 spriggans
  9 fire elementals (Spider:2)
  3 wyverns
  Eustachio (D:6)
  10 basilisks
  22 humans
  37 yaks
  A hog (D:11)
  20 redbacks
  14 vampire mosquitoes
  2 chaos spawn (Lair:6)
  Grum (D:8)
  2 steam dragons
  13 swamp worms
  4 wargs
  11 water moccasins
  An acid dragon (D:8)
  2 hell hounds (Volcano)
  7 swamp drakes (Swamp:4)
  3 black bears
  9 orc warriors
  A hornet zombie (D:7)
  An ice beast (D:8)
  4 ogres
  8 centaurs
  14 wolves
  2 phantoms (D:5)
  3 kobold brigands
  Blork the orc (D:4)
  19 bullfrogs
  2 scorpions
  A gnoll sergeant (D:11)
  A wyvern zombie (D:5)
  A water moccasin zombie (D:3)
  13 small abominations (Lair:6)
  A water moccasin skeleton (D:5)
  4 wights (D:8)
  19 killer bees (Lair:1)
  12 electric eels
  A howler monkey (D:5)
  4 jellies
  3 centaur zombies
  5 hounds
  A bullfrog skeleton (D:5)
  15 orc priests
  2 gnoll shamans
  3 iguanas
  Terence (D:3)
  32 orc wizards
  9 hell rats
  3 troll simulacra (D:11)
  A killer bee zombie (D:8)
  2 spriggan simulacra (D:11)
  A howler monkey zombie (D:6)
  17 gnolls
  5 river rats (Lair:6)
  10 adders
  A naga simulacrum (D:11)
  2 ufetubi (D:5)
  3 worms
  3 dart slugs
  57 orcs
  6 ball pythons
  9 endoplasms
  4 giant cockroaches
  13 goblins
  11 hobgoblins
  4 jackals (D:1)
  5 quokkas
  6 bats
  5 frilled lizards
  23 kobolds
  9 rats
915 creatures vanquished.

Vanquished Creatures (others)
  A hydra (Swamp:3)
  A bloated husk (Swamp:2)
  A hornet (Swamp:2)
  A spriggan (Swamp:2)
  A human (D:12)
  2 orcs
  24 foxfires
  25 fungi
  69 plants
125 creatures vanquished.

Grand Total: 1040 creatures vanquished

Notes
Turn   | Place    | Note
-------+----------+-------------------------------------------
     0 | D:1      | Sin92 the Demonspawn Fighter began the quest for the Orb.
     0 | D:1      | Reached XP level 1. HP: 18/18 MP: 1/1
   137 | D:1      | Gained mutation: You have large cloven feet. [demonic
                  | ancestry]
   137 | D:1      | Reached XP level 2. HP: 24/24 MP: 2/2
   648 | D:1      | Gained mutation: Your demonic aura sometimes causes spilled
                  | blood to erupt in flames. [demonic ancestry]
   648 | D:1      | Reached XP level 3. HP: 23/29 MP: 3/3
   793 | D:1      | Reached skill level 1 in Dodging
  1182 | D:2      | Identified the +2 whip of Day {vamp, rN+ Str+3}
  1252 | D:2      | Gained mutation: Your demonic aura often causes spilled
                  | blood to erupt in flames. [demonic ancestry]
  1252 | D:2      | Reached XP level 4. HP: 31/35 MP: 4/4
  1552 | D:2      | Reached skill level 1 in Maces & Flails
  1879 | D:3      | Reached skill level 1 in Spellcasting
  1879 | D:3      | Reached XP level 5. HP: 32/41 MP: 6/6
  1948 | D:3      | Noticed Terence
  1963 | D:3      | Killed Terence
  2331 | D:3      | Noticed an orc warrior
  2667 | D:3      | HP: 1/42 [orc warrior/+0 battleaxe (9)]
  2672 | D:3      | Reached skill level 2 in Maces & Flails
  2672 | D:3      | Killed an orc warrior
  2673 | D:3      | Gained mutation: You are partially covered in thin metallic
                  | scales. (AC +2) [demonic ancestry]
  2673 | D:3      | Reached XP level 6. HP: 37/48 MP: 6/8
  2796 | D:3      | Noticed Sigmund
  2801 | D:3      | Killed Sigmund
  2802 | D:3      | Gained mutation: You have hoof-like feet. [demonic
                  | ancestry]
  2802 | D:3      | Reached XP level 7. HP: 54/54 MP: 9/9
  3119 | D:3      | Found a faded altar of an unknown god.
  3125 | D:3      | Prayed at the altar of an unknown god.
  3125 | D:3      | Became a worshipper of Ignis, the Dying Flame
  3219 | D:4      | Noticed Blork the orc
  3232 | D:4      | Killed Blork the orc
  3233 | D:4      | Reached skill level 3 in Maces & Flails
  3527 | D:4      | Found a staircase to the Ecumenical Temple.
  3737 | D:5      | Entered Level 5 of the Dungeon
  3738 | D:5      | Identified 2 scrolls of acquirement
  3738 | D:5      | Acquired the +10 morningstar "Eos" {elec, Halo rElec}
  3738 | D:5      | Found the +10 morningstar "Eos" {elec, Halo rElec}
  3746 | D:5      | Acquired the +0 kite shield of Omission {rCorr Int+4}
  3874 | D:5      | Reached skill level 4 in Maces & Flails
  3878 | D:5      | Reached XP level 8. HP: 61/61 MP: 10/10
  3999 | D:5      | Reached skill level 5 in Fighting
  4270 | D:5      | Reached skill level 5 in Maces & Flails
  4454 | D:6      | Identified the +2 spear of Insomnia {protect, Fly rPois
                  | Dex-5}
  4544 | D:6      | Noticed Eustachio
  4548 | D:6      | Reached skill level 5 in Armour
  4550 | D:6      | Killed Eustachio
  4551 | D:6      | Reached XP level 9. HP: 64/68 MP: 11/11
  4603 | D:6      | Found a hazy altar of Hepliaklqana.
  4611 | D:6      | Reached skill level 5 in Shields
  5110 | D:7      | Reached skill level 6 in Maces & Flails
  5301 | D:7      | Got Saac's Grimoire of Enchantment and Unholy Secrets
  6216 | D:8      | Found a flagged portal.
  6231 | Bailey   | Entered a bailey
  6238 | Bailey   | Reached skill level 7 in Maces & Flails
  6241 | Bailey   | Reached skill level 5 in Dodging
  6363 | Bailey   | Gained mutation: Your demonic aura causes all spilled blood
                  | to erupt in flames. [demonic ancestry]
  6363 | Bailey   | Reached XP level 10. HP: 56/77 MP: 12/12
  6489 | Bailey   | Noticed Prince Ribbit
  6504 | Bailey   | Killed Prince Ribbit
  6607 | Bailey   | Noticed a vault guard
  6618 | Bailey   | Killed a vault guard
  6690 | Bailey   | Noticed a vault guard
  6698 | Bailey   | Killed a vault guard
  6699 | Bailey   | Reached skill level 8 in Maces & Flails
  6942 | D:8      | Found a staircase to the Lair.
  7279 | D:8      | Found Ciock's Jewellery Shoppe.
  7471 | D:9      | Noticed Grum
  7512 | D:8      | Killed Grum
  7913 | D:9      | Noticed Maurice
  7921 | D:9      | Killed Maurice
  7922 | D:9      | Gained mutation: You are mostly covered in thin metallic
                  | scales. (AC +3) [demonic ancestry]
  7922 | D:9      | Reached XP level 11. HP: 84/84 MP: 13/13
  7960 | D:9      | Reached skill level 9 in Maces & Flails
  8389 | D:10     | Entered Level 10 of the Dungeon
  9156 | D:10     | Found a staircase to the Orcish Mines.
  9529 | D:11     | Noticed a seven-headed hydra
  9547 | D:11     | Noticed a two-headed ogre
  9555 | D:11     | Killed a two-headed ogre
  9558 | D:11     | Noticed a two-headed ogre
  9558 | D:11     | Noticed a four-headed hydra
  9573 | D:10     | Killed a four-headed hydra
  9573 | D:10     | Killed a two-headed ogre
  9804 | D:11     | Killed a seven-headed hydra
  9805 | D:11     | Reached skill level 10 in Maces & Flails
  9866 | D:11     | Noticed Erica
  9866 | D:11     | Noticed a boulder beetle
  9868 | D:11     | Found Utetsuco's Antique Weapon Emporium.
  9889 | D:11     | Killed a boulder beetle
  9894 | D:11     | Killed Erica
 10302 | D:11     | Reached XP level 12. HP: 80/94 MP: 14/14
 11445 | D:12     | Noticed Kirke
 11445 | D:12     | Noticed a tengu warrior
 11447 | D:12     | Noticed a sphinx
 11662 | D:12     | Noticed a two-headed ogre
 11670 | D:12     | Killed a two-headed ogre
 11922 | D:12     | Reached skill level 11 in Maces & Flails
 11930 | D:12     | Noticed Fannar
 11939 | D:12     | Killed Fannar
 12490 | D:12     | Noticed a two-headed ogre
 12499 | D:12     | Killed Kirke
 12504 | D:12     | Killed a two-headed ogre
 12845 | D:13     | Noticed Rupert
 12845 | D:13     | Noticed Urug
 12845 | D:13     | Noticed Nessos
 12845 | D:13     | Noticed a centaur warrior
 12845 | D:13     | Found a gate to the Vaults.
 12850 | D:12     | Killed a centaur warrior
 12994 | D:13     | HP: 4/90 [Nessos/arrow (25)]
 13596 | D:13     | Noticed a centaur warrior
 13603 | D:13     | Gained mutation: You have hooves in place of feet. [demonic
                  | ancestry]
 13603 | D:13     | Reached XP level 13. HP: 50/99 MP: 15/15
 13610 | D:12     | HP: 5/101 [Rupert/+0 antimagic triple sword (34)]
 13611 | D:12     | Killed Rupert
 13820 | D:13     | Reached skill level 12 in Maces & Flails
 14081 | D:13     | Killed Urug
 14092 | D:13     | Killed Nessos
 14156 | D:13     | Reached skill level 10 in Fighting
 14403 | Lair:1   | Entered Level 1 of the Lair of Beasts
 15194 | Lair:1   | Reached skill level 13 in Maces & Flails
 15194 | Lair:1   | Gained mutation: You are completely covered in thin
                  | metallic scales. (AC +4, rElec) [demonic ancestry]
 15194 | Lair:1   | Reached XP level 14. HP: 111/111 MP: 16/16
 16229 | Lair:3   | Found a staircase to the Swamp.
 16561 | Lair:3   | Found a dark tunnel.
 16570 | Volcano  | Entered a volcano
 16992 | Lair:3   | Gained mutation: You are partially covered in sharp spines.
                  | [demonic ancestry]
 16992 | Lair:3   | Reached XP level 15. HP: 108/119 MP: 17/17
 17123 | Lair:3   | Found a hole to the Spider Nest.
 17468 | Lair:4   | Reached skill level 14 in Maces & Flails
 17505 | Lair:4   | Reached skill level 10 in Armour
 17511 | Lair:3   | Reached skill level 10 in Shields
 18040 | Lair:4   | Found an iron altar of Okawaru.
 18559 | Lair:5   | Found a staircase to the Slime Pits.
 18560 | Lair:5   | Found a viscous altar of Jiyva.
 18831 | Lair:5   | Reached skill level 10 in Dodging
 19280 | Lair:6   | Entered Level 6 of the Lair of Beasts
 19737 | Lair:6   | Reached skill level 15 in Maces & Flails
 20056 | Lair:6   | Found a corrupted altar of Lugonu.
 20056 | Lair:6   | Found a one-way gate to the infinite horrors of the Abyss.
 20345 | Lair:6   | Gained mutation: Your presence sometimes corrodes those you
                  | injure. [demonic ancestry]
 20345 | Lair:6   | Reached XP level 16. HP: 123/125 MP: 18/18
 21131 | Orc:1    | Entered Level 1 of the Orcish Mines
 21166 | Orc:2    | Entered Level 2 of the Orcish Mines
 21472 | Orc:2    | Found an ancient bone altar of Kikubaaqudgha.
 21472 | Orc:2    | Paralysed by an orc sorcerer for 4 turns
 21476 | Orc:2    | Noticed Nergalle
 21483 | Orc:2    | Killed Nergalle
 21489 | Orc:2    | Paralysed by an orc sorcerer for 4 turns
 21503 | Orc:2    | Found Esogumn's Magic Scroll Emporium.
 21569 | Orc:2    | Bought a scroll of enchant armour for 97 gold pieces
 21583 | Orc:2    | Found a radiant altar of Vehumet.
 21624 | Orc:2    | Found Giuxtoffi's Antique Weapon Shoppe.
 21668 | Orc:2    | Found Bosoubbu's Jewellery Shoppe.
 21680 | Orc:2    | Bought the amulet of Cummuqim {Reflect Fragile rPois rF+++
                  | Slay+5 SH+5} for 1282 gold pieces
 21729 | Orc:2    | Found Isiyzuall's Magic Scroll Emporium.
 21737 | Orc:2    | Bought a scroll of enchant armour for 105 gold pieces
 21737 | Orc:2    | Bought a scroll of enchant armour for 105 gold pieces
 21819 | Orc:2    | Found a staircase to the Elven Halls.
 22438 | Swamp:1  | Entered Level 1 of the Swamp
 22631 | Swamp:1  | You fall into a shaft and drop 1 floor!
 23199 | D:8      | Bought a +6 ring of strength for 760 gold pieces
 24073 | Swamp:3  | Reached skill level 16 in Maces & Flails
 24826 | Swamp:3  | Noticed a tentacled monstrosity
 24835 | Swamp:3  | Killed a tentacled monstrosity
 24955 | Swamp:3  | Noticed Bai Suzhen
 24965 | Swamp:3  | Killed Bai Suzhen
 25647 | Swamp:4  | Entered Level 4 of the Swamp
 25701 | Swamp:4  | Noticed Mara
 25702 | Swamp:4  | Noticed a thorn hunter
 26234 | Swamp:4  | Reached XP level 17. HP: 117/137 MP: 19/19
 26721 | Swamp:4  | Noticed Sin92's illusion
 26721 | Swamp:4  | Killed Mara
 27465 | Swamp:4  | Got a decaying rune of Zot
 27474 | Swamp:4  | Noticed a tentacled monstrosity
 27482 | Swamp:4  | Killed a tentacled monstrosity
 27594 | Lair:4   | Fell from the grace of Ignis
 27594 | Lair:4   | Became a worshipper of Warmaster Okawaru
 28293 | Slime:1  | Entered Level 1 of the Pits of Slime
 28382 | Spider:1 | Entered Level 1 of the Spider Nest
 28456 | Spider:1 | Reached skill level 1 in Invocations
 28666 | Spider:1 | Reached skill level 17 in Maces & Flails
 29075 | Spider:1 | Got Sif Muna's Almanac of Earthen Creation
 29858 | Spider:2 | Reached * piety under Okawaru
 30694 | Spider:3 | Reached ** piety under Okawaru
 31223 | Spider:3 | Reached *** piety under Okawaru
 31236 | Spider:3 | Blown up by an orb spider

Illustrated notes

Levels and vault maps discovered:
D:1:      minmay_arrival_arboretum_large, layout_basic
D:2:      layout_rooms, dk_noncrumbling_3
D:3:      layout_loops_ring, shapermc_ecumenical_altar_petra, uniq_sigmund,
          uniq_terence
D:4:      layout_cave_pools, temple_hall, hangedman_decor_riveting,
          uniq_blork_the_orc
D:5:      layout_basic
D:6:      layout_basic, nicolae_hepliaklqana_hazy_memory,
          kennysheep_nondescript, st_stairs_2, uniq_eustachio
D:7:      layout_basic
D:8:      layout_loops_ring, erik_lair_orcish_takeover,
          lightli_bailey_entry_fortress, serial_shops, kennysheep_mini
D:9:      layout_rooms, uniq_prince_ribbit1, uniq_grum, uniq_maurice
D:10:     layout_gridville, erik_orc_2, minivault_14
D:11:     layout_roguey, serial_shops, shop,
          portal_ice_cave_entry_ice_simulacra, serial_bayou,
          serial_bayou_pond_c, serial_bayou_pond_b, serial_bayou_pond_d,
          serial_bayou_lagoon_b, minivault_22, uniq_erica
D:12:     layout_rooms, uniq_fannar, uniq_kirke
D:13:     layout_roguey, david_vaults_3, hangedman_glass_teeth,
          corexii_corridor_pit
Lair:1:   layout_long_grid, special_room [special_room_bee]
Lair:2:   wander_river, layout_hall_layers, chequers_serial_rivers_micro_b,
          st_stairs_5, minivault_27
Lair:3:   layout_regular_city, swamp_mist_pool, spider_nest_entry_web_field,
          nicolae_volcano_entry_vermiform, infiniplex_staircase_pool_2,
          grunt_megastairs_3
Lair:4:   layout_long_grid, lemuel_oklob_altar, grunt_megastairs_1,
          infiniplex_staircase_pool
Lair:5:   layout_big_grid, slime_altar_1, beast_lair_carwin_1
Lair:6:   hellmonk_lair_end_abyssal_woods, layout_small_grid,
          kennysheep_abandoned_house, grunt_megastairs_2
Swamp:1:  layout_falls_marsh, nicolae_swamp_round_clearing
Swamp:2:  layout_falls_marsh, nicolae_swamp_orc_logging_accident, swamp_pool3
Swamp:3:  layout_basic_swamp, nicolae_swamp_triple_paths,
          nicolae_swamp_some_circles, uniq_bai_suzhen
Swamp:4:  swamp_alternative, layout_basic_swamp, uniq_mara
Spider:1: layout_spider_delve
Spider:2: layout_spider_delve
Spider:3: layout_spider_delve, gammafunk_ghost_berserking_beasts
Slime:1:  layout_caves
Orc:1:    layout_caves
Orc:2:    kennysheep_orc_mage_school, layout_caves, basic_altar

Skill      XL: |  1  2  3  4  5  6  7  8  9 10 11 12 13 14 15 16 17 |
---------------+----------------------------------------------------+-----
Long Blades    | 2 |  2.5
Armour         | 3 4 5 6 7 8 9 10 11 12 | 12.5
Dodging        | 1 2 3 4 5 6 7 8 9 10 11 12 | 12.1
Shields        | 3 4 5 6 7 8 9 10 11 12 | 12.4
Maces & Flails | 1 2 4 5 7 8 10 11 13 15 16 17 | 17.4
Spellcasting   | 1 |  1.9
Fighting       | 4 5 6 7 8 9 10 11 12 13 | 13.8
Invocations    | 4 |  4.2

Action                   |  1- 3 |  4- 6 |  7- 9 | 10-12 | 13-15 | 16-18 || total
-------------------------+-------+-------+-------+-------+-------+-------++-------
Melee: Long sword        |   125 |       |       |       |       |       ||   125
       Kick              |    22 |    27 |    48 |   113 |   242 |   269 ||   721
       Whip              |    17 |   116 |    26 |       |       |       ||   159
       Morningstar       |       |       |   145 |   346 |   545 |   678 ||  1714
Throw: Throwing net      |       |       |       |       |       |     1 ||     1
Invok: Fiery Armour      |       |       |     1 |     3 |     1 |     2 ||     7
       Foxfire Swarm     |       |       |       |       |       |     1 ||     1
  Use: Scroll            |       |     8 |     3 |    11 |     8 |    11 ||    41
       Potion            |       |     2 |       |     7 |     2 |     3 ||    14
Armor: Scale mail        |    81 |    34 |       |       |       |       ||   115
       Chain mail        |       |     8 |    43 |   263 |   326 |    41 ||   681
       Plate armour      |       |     1 |    44 |       |       |   338 ||   383
Dodge: Dodged            |    70 |    57 |    40 |   120 |   225 |   259 ||   771
Block: Buckler           |    38 |    35 |     9 |       |       |       ||    82
       Kite shield       |       |       |    88 |   209 |   331 |   536 ||  1164
       Reflection        |       |       |       |       |       |    11 ||    11
